 Dungeon Crawl Stone Soup version 0.29-a0-542-g075992c915 (webtiles) character file.

Game seed: 4293954566085522414

1029 happo123 the Sneak (level 8, -4/46 HPs)
             Began as a Kobold Enchanter on June 4, 2022.
             Slain by a gnoll
             ... wielding a +0 halberd
             ... led by a gnoll shaman
              (9 damage)
             ... on level 5 of the Dungeon.
             The game lasted 00:20:35 (5492 turns).

happo123 the Sneak (Kobold Enchanter)               Turns: 5492, Time: 00:20:36

Health: -4/46      AC:  6    Str:  6    XL:     8   Next: 47%
Magic:  2/22       EV: 19    Int: 20    God:
Gold:   211        SH:  0    Dex: 31    Spells: 6/14 levels left

rFire   . . .      SeeInvis .   a - +1 dagger
rCold   . . .      Faith    .   (no shield)
rNeg    + . .      Spirit   .   b - +0 robe
rPois   .          Reflect  .   (no helmet)
rElec   .          Harm     .   D - +0 cloak
rCorr   .          Rampage  .   (no gloves)
Will    .....                   s - +2 pair of boots "Hocwypir" {rN+ MP+9 Int+2 Dex+4}
Stlth   +++++.....              y - amulet of the acrobat
HPRegen 0.15/turn               m - +6 ring of dexterity
MPRegen 0.18/turn               q - +6 ring of dexterity

@: invisible
A: small, no large weapons, nightstalker 3
a: no special abilities


You were on level 5 of the Dungeon.
You visited 1 branch of the dungeon, and saw 5 of its levels.

You collected 211 gold pieces.

Inventory:

Hand Weapons
 a - a +1 dagger (weapon)
Armour
 b - a +0 robe (worn)
 s - the +2 pair of boots "Hocwypir" (worn) {rN+ MP+9 Int+2 Dex+4}
   (You found it on level 3 of the Dungeon)

   Int:       It affects your intelligence (+2).
   Dex:       It affects your dexterity (+4).
   rN:        It protects you from negative energy.
   MP:        It affects your magic capacity (+9).
 D - a +0 cloak (worn)
Magical Staves
 p - a staff of fire
 z - a staff of cold
Jewellery
 j - a ring of positive energy
 m - a +6 ring of dexterity (left hand)
 q - a +6 ring of dexterity (right hand)
 v - a ring of willpower
 w - a ring of protection from cold
 y - an amulet of the acrobat (around neck)
Wands
 n - a wand of iceblast (9)
 x - a wand of acid (3)
 A - a wand of flame (7)
Scrolls
 d - 3 scrolls of blinking {unknown}
 f - 4 scrolls of identify {unknown}
 h - 2 scrolls of teleportation {unknown}
 k - 3 scrolls of immolation {unknown}
 l - a scroll of vulnerability {unknown}
 r - a scroll of magic mapping {unknown}
 t - a scroll of enchant armour {unknown}
 C - a scroll of noise {unknown}
Potions
 e - a potion of curing {unknown}
 g - a potion of ambrosia {unknown}
 i - a potion of cancellation {unknown}
 o - 2 potions of flight {unknown}
 u - 4 potions of attraction {unknown}
 B - a potion of mutation {unknown}


   Skills:
 + Level 3.3 Fighting
 + Level 4.3 Short Blades
 + Level 4.5 Dodging
 + Level 6.1 Stealth
 + Level 3.9 Spellcasting
 * Level 5.5 Hexes
 + Level 1.9 Ice Magic
 + Level 2.0 Earth Magic


You had 6 spell levels left.
You knew the following spells:

 Your Spells              Type           Power      Damage    Failure   Level
a - Ensorcelled Hibernat  Hex/Ice        36%        N/A       4%          2
b - Confusing Touch       Hex            26%        N/A       4%          3
c - Tukima's Dance        Hex            26%        N/A       4%          3

Your spell library contained the following spells:

 Spells                   Type           Power      Damage    Failure   Level
 Dazzling Flash           Conj/Hex       30%        N/A       12%         3
 Stone Arrow              Conj/Erth      14%        3d7       26%         3
 Animate Armour           Summ/Erth      14%        N/A       65%         4
 Silence                  Hex/Air        7%         N/A       75%         5
 Animate Dead             Necr           3%         N/A       78%         4
 Borgnjor's Vile Clutch   Necr/Erth      3%         N/A       94%         5
 Agony                    Necr           3%         N/A       98%         5
 Death Channel            Necr           1%         N/A       100%        6
 Lehudib's Crystal Spear  Conj/Erth      3%         10d3      100%        8


Dungeon Overview and Level Annotations

Branches:
Dungeon (5/15)
 Temple: D:4-7

Altars:
Fedhas
Kikubaaqudgha
Vehumet

Shops:
D:4 *


Innate Abilities, Weirdness & Mutations

You are small and have problems with some larger weapons.
You are completely attuned to the shadows.


Message History

The centaur shoots an arrow.
The arrow barely misses you.
An ice beast comes into view.
The centaur shoots an arrow.
The arrow completely misses you.
The ice beast moves out of view.
Your magical contamination has completely faded away.
The centaur shoots an arrow.
The arrow hits you.
Your hands stop glowing.
The centaur shoots an arrow.
The arrow hits you.
Aiming: Ensorcelled Hibernation (safe; 4% risk of failure)
Press: ? - help, Q - select action, (/) - cycle Shift-Dir - straight line, f - centaur
Aim: a centaur, wielding a +0 shortbow (chance to affect: 50%)
The centaur resists with some effort.
The centaur unwields a +0 shortbow.
The centaur hits you. The centaur misses you.
Okay, then.
Okay, then.
You fade into invisibility!
The centaur misses you. The centaur barely misses you.
The centaur closely misses you. The centaur completely misses you.
You strike the helpless centaur from behind!
You impale the centaur!!
You kill the centaur!
The ice beast completely misses you.
Your Earth Magic skill increases to level 2!
Casting: Ensorcelled Hibernation (safe; 4% risk of failure)
Confirm with . or Enter, or press ? or * to list all spells.
Aiming: Tukima's Dance (dangerous; 4% risk of failure)
Press: ? - help, Shift-Dir - straight line, f - gnoll
Aim: a gnoll, wielding a +0 halberd (can't see you, chance to affect: 66%)
The gnoll struggles to resist.
The ice beast hits you but does no damage.
The gnoll hits you from afar with a +0 halberd!
* * * LOW HITPOINT WARNING * * *
The gnoll completely misses you.
You see here a +0 shortbow.
You barely miss the gnoll. You barely miss the gnoll.
The ice beast hits you but does no damage.
The gnoll hits you with a +0 halberd!
You die...

................###
..................#
..................#
.hc..#.####.......#
.g...#..#.........#..#
...h.#..##....(####..#
.###...........# #..# .
#...##......####..#
.###...........Y@g...#
..........#########.###
.........###.####.....#
........g.)....c....#.#
.........##.g####.###.#
....^.#####.......# .
......# ##.######
####### #.# #.#


You could see an ice beast (can't see you) and a gnoll (can't see you).

Vanquished Creatures
  The ghost of quokkamancerX the Bolt Thrower, a novice HuHu (D:4)
  Sigmund (D:3)
  The ghost of xian the Conjurer, an amateur TeCj (D:4)
  A centaur (D:5)
  A howler monkey (D:5)
  3 jellies (D:5)
  A gnoll shaman (D:5)
  An iguana (D:4)
  Terence (D:3)
  5 gnolls
  3 adders
  An ufetubus (D:4)
  A worm (D:2)
  5 dart slugs
  An orc (D:5)
  7 endoplasms
  A giant cockroach (D:1)
  5 goblins
  5 hobgoblins
  6 jackals
  5 ball pythons
  A bat (D:1)
  2 frilled lizards
  6 kobolds
  9 rats
74 creatures vanquished.

Notes
Turn   | Place    | Note
-------+----------+-------------------------------------------
     0 | D:1      | happo123 the Kobold Enchanter began the quest for the Orb.
     0 | D:1      | Reached XP level 1. HP: 10/10 MP: 3/3
   168 | D:1      | Reached XP level 2. HP: 16/16 MP: 5/5
   171 | D:1      | Learned a level 2 spell: Ensorcelled Hibernation
   946 | D:1      | Reached XP level 3. HP: 14/20 MP: 3/6
   950 | D:1      | Learned a level 3 spell: Confusing Touch
  1827 | D:2      | Reached skill level 1 in Fighting
  1904 | D:2      | Reached XP level 4. HP: 25/25 MP: 4/7
  2147 | D:2      | Found a faded altar of an unknown god.
  3239 | D:3      | Identified the +2 pair of boots "Hocwypir" {rN+ MP+9 Int+2
                  | Dex+4}
  3336 | D:3      | Noticed Sigmund
  3343 | D:3      | Killed Sigmund
  3344 | D:3      | Reached skill level 5 in Stealth
  3344 | D:3      | Reached XP level 5. HP: 30/30 MP: 9/9
  3344 | D:3      | Reached XP level 6. HP: 35/35 MP: 10/10
  3349 | D:3      | Learned a level 3 spell: Tukima's Dance
  3474 | D:3      | Found a blossoming altar of Fedhas.
  3590 | D:3      | Noticed Terence
  3596 | D:3      | Killed Terence
  4041 | D:3      | Found a radiant altar of Vehumet.
  4315 | D:4      | Found Qiciytam's Fire Supplies.
  4347 | D:4      | Found a runed translucent gate.
  4347 | D:4      | Found a runed translucent gate.
  4347 | D:4      | Found a runed translucent gate.
  4960 | D:4      | Noticed xian's ghost (amateur TeCj)
  4960 | D:4      | Noticed quokkamancerX's ghost (novice HuHu)
  4979 | D:4      | Killed quokkamancerX's ghost
  4980 | D:4      | Reached skill level 5 in Hexes
  4980 | D:4      | Reached skill level 1 in Ice Magic
  4980 | D:4      | Reached skill level 1 in Earth Magic
  4980 | D:4      | Reached XP level 7. HP: 35/40 MP: 12/12
  4981 | D:4      | Killed xian's ghost
  4982 | D:4      | Reached XP level 8. HP: 19/46 MP: 13/13
  5185 | D:5      | Entered Level 5 of the Dungeon
  5260 | D:5      | Found an ancient bone altar of Kikubaaqudgha.
  5470 | D:5      | Reached skill level 6 in Stealth
  5492 | D:5      | Slain by a gnoll

Illustrated notes

Levels and vault maps discovered:
D:1:      lightli_arrival_windingriver, layout_basic
D:2:      layout_basic, shapermc_ecumenical_altar_pompeii
D:3:      layout_basic, lemuel_tele_altar, lemuel_crystal_altar,
          kennysheep_generic_room_13, uniq_sigmund, uniq_terence
D:4:      layout_basic, gammafunk_ghost_cemetery, nicolae_shop_fire_sale
          [nicolae_sub_dead_trees]
D:5:      layout_basic, nicolae_kikubaaqudgha_miasma_corner,
          minmay_temple_entry_statues_fountains

Skill      XL: |  1  2  3  4  5  6  7  8 |
---------------+-------------------------+-----
Fighting       | 1 2 3 |  3.3
Short Blades   | 2 3 4 |  4.3
Dodging        | 3 4 |  4.5
Stealth        | 5 6 |  6.1
Spellcasting   | 3 |  3.9
Hexes          | 4 5 |  5.5
Ice Magic      | 1 |  1.9
Earth Magic    | 1 2 |  2.0

Action                   |  1- 3 |  4- 6 |  7- 9 || total
-------------------------+-------+-------+-------++-------
Melee: Dagger            |    46 |    81 |    17 ||   144
 Cast: Ensorcelled Hiber |    15 |    32 |    11 ||    58
       Confusing Touch   |       |     3 |     1 ||     4
       Tukima's Dance    |       |       |     1 ||     1
  Use: Potion            |       |     1 |     1 ||     2
 Stab: Sleeping          |    22 |    25 |     7 ||    54
       Invisible         |       |     4 |     3 ||     7
Armor: Robe              |     4 |    13 |     6 ||    23
Dodge: Dodged            |    19 |    89 |    30 ||   138

Table legend: (Time is in decaauts)
 A = Elapsed time spent in this place.
 B = Non-inter-level travel time spent in this place.
 C = Inter-level travel time spent in this place.
 D = Time resting spent in this place.
 E = Time spent auto-exploring this place.
 F = Levels seen in this place.
 G = Mean time per level.
                   A        B        C        D        E       F      G
               +--------+--------+--------+--------+--------+-----+--------+
         Total |   5483 |   5029 |    454 |     50 |   4333 |   5 | 1096.6 |
       Dungeon |   5483 |   5029 |    454 |     50 |   4333 |   5 | 1096.6 |
               +--------+--------+--------+--------+--------+-----+--------+

Top non-repeatable levels by time:
     D:2: 1583 daAuts
     D:1: 1569 daAuts
     D:4: 1079 daAuts
     D:3: 1000 daAuts
     D:5: 251 daAuts
